 Dungeon Crawl Stone Soup version 0.30-a0-719-gcc4359ea44 (webtiles) character file.

Game seed: 12958269566722080146

18595 Monkooky the Black Sun (level 12, -1/93 HPs)
             Began as a Naga Reaver on Jan 27, 2023.
             Was a High Priest of Kikubaaqudgha.
             Slain by a skeletal warrior
             ... wielding a +0 halberd
              (14 damage)
             ... on level 12 of the Dungeon.
             The game lasted 00:57:48 (16032 turns).

Monkooky the Black Sun (Naga Reaver)               Turns: 16032, Time: 00:57:50

Health: -1/93      AC: 12    Str: 14    XL:     12   Next: 60%
Magic:  2/23       EV: 10    Int: 23    God:    Kikubaaqudgha [*****.]
Gold:   128        SH:  0    Dex: 12    Spells: 1/26 levels left

rFire   . . .      SeeInvis +    r - staff of earth
rCold   . . .      Faith    +    (no shield)
rNeg    . . .      Spirit   .    V - +0 robe {Will+}
rPois   +          Reflect  .    C - +0 helmet
rElec   .          Harm     .    g - +0 cloak
rCorr   .          Rampage  .    m - +0 pair of gloves
Will    ++...                    (no barding)
Stlth   ++                       L - amulet of faith
HPRegen 0.35/turn                n - +6 ring of intelligence
MPRegen 0.18/turn                P - +4 ring of protection

@: studying Fire Magic, very slow
A: AC +4, large, see invisible, deformed body, poison resistance, slowness 2,
spit poison 1, naga tail 1
a: Spit Poison, Renounce Religion, Unearth Wretches, Torment


You were on level 12 of the Dungeon.
You worshipped Kikubaaqudgha.
Kikubaaqudgha was extremely pleased with you.
You visited 2 branches of the dungeon, and saw 13 of its levels.
You also visited: Sewer.

You collected 704 gold pieces.
You spent 576 gold pieces at shops.

Inventory:

Hand Weapons
 N - the +9 dagger of Calamity {heavy, Will- Int+3}
   (You took it off an orc on level 6 of the Dungeon)

   Int:       It affects your intelligence (+3).
   Will:      It decreases your willpower.
 O - a +3 quarterstaff
 Q - the +9 mace "Engo" {flame, rElec rF- Int+6}
   (You found it on level 8 of the Dungeon)

   Int:       It affects your intelligence (+6).
   rF:        It makes you vulnerable to fire.
   rElec:     It insulates you from electricity.
Missiles
 t - 2 silver boomerangs
 u - 3 curare-tipped darts
 w - 57 poisoned darts
 R - 2 throwing nets
Armour
 b - a +0 leather armour
 g - a +0 cloak (worn)
 m - a +0 pair of gloves (worn)
 B - a +0 animal skin
 C - a +0 helmet (worn)
 V - a +0 robe of willpower (worn)
Magical Staves
 r - a staff of earth (weapon)
Jewellery
 j - an amulet of regeneration
 n - a +6 ring of intelligence (left hand)
 J - a ring of resist corrosion
 L - an amulet of faith (around neck)
 P - a +4 ring of protection (right hand)
 T - a +6 ring of intelligence
 Y - a ring of positive energy
Wands
 a - a wand of digging (6)
 s - a wand of paralysis (26)
 M - a wand of flame (20)
 S - a wand of polymorph (10)
 U - a wand of roots (2)
Scrolls
 c - 2 scrolls of amnesia
 d - 3 scrolls of poison {unknown}
 i - 5 scrolls of teleportation
 k - a scroll of acquirement {unknown}
 o - 3 scrolls of enchant armour {unknown}
 p - 2 scrolls of magic mapping
 q - 2 scrolls of silence {unknown}
 y - 3 scrolls of fear
 z - 8 scrolls of enchant weapon {unknown}
 H - a scroll of blinking
 W - a scroll of fog
 X - a scroll of immolation
Potions
 e - 3 potions of ambrosia {unknown}
 f - 4 potions of curing
 h - 4 potions of attraction
 v - 3 potions of magic {unknown}
 x - 4 potions of might {unknown}
 A - a potion of haste {unknown}
 D - 4 potions of heal wounds {unknown}
 F - 2 potions of degeneration {unknown}
 G - 4 potions of brilliance {unknown}
 I - a potion of mutation {unknown}
 K - a potion of resistance
 Z - a potion of invisibility {unknown}


   Skills:
 - Level 2.1 Fighting
 - Level 3.0 Maces & Flails
 - Level 1.5 Dodging
 - Level 4.1 Stealth
 - Level 7.8 Spellcasting
 - Level 5.4 Conjurations
 - Level 10.5 Necromancy
 - Level 5.5 Fire Magic
 - Level 9.9 Ice Magic
 - Level 8.0 Earth Magic
 + Level 4.3 Evocations


You had one spell level left.
You knew the following spells:

 Your Spells              Type           Power      Damage    Failure   Level
a - Kiss of Death         Conj/Necr      100%       2d13      1%          1
b - Scorch                Fire           68%        2d8       1%          2
c - Flame Wave            Conj/Fire      34%        2d10      8%          4
d - Vampiric Draining     Necr           55%        2d9       1%          3
e - Simulacrum            Ice/Necr       27%        N/A       16%         6
f - Dispel Undead         Necr           55%        3d20      1%          4
g - Borgnjor's Vile Clut  Necr/Erth      33%        N/A       4%          5

Your spell library contained the following spells:

 Spells                   Type           Power      Damage    Failure   Level
 Necrotise                Necr           100%       1d9       1%          1
 Slow                     Hex            36%        N/A       7%          1
 Sublimation of Blood     Necr           55%        N/A       1%          2
 Hailstorm                Conj/Ice       44%        3d10      1%          3
 Cigotuvi's Dreadful Rot  Necr/Pois/Air  50%        N/A       2%          2
 Agony                    Necr           55%        N/A       2%          5
 Momentum Strike          Conj/Tloc      42%        3d9       3%          2
 Death Channel            Necr           27%        N/A       14%         6
 Confusing Touch          Hex            9%         N/A       22%         3
 Vhi's Electric Charge    Tloc/Air       18%        N/A       22%         3
 Arcjolt                  Conj/Air       10%        1d20      54%         5
 Infestation              Necr           27%        N/A       99%         8
 Summon Cactus Giant      Summ           4%         N/A       100%        6
 Maxwell's Capacitive Co  Air            4%         ∞         100%        8


Dungeon Overview and Level Annotations

Branches:
Dungeon (12/15)            Temple (1/1) D:6            Lair (0/5) D:10
    Orc (0/2) D:9           Sewer (visited)

Altars:
Dithmenos
Gozag
Kikubaaqudgha
Makhleb
Ru
Uskayaw
Xom

Shops:
D:1 :   D:3 *   D:5 *   D:8 *

Annotations:
D:4 2 transporters
D:10 1 exclusion


Innate Abilities, Weirdness & Mutations

Your serpentine skin is tough. (AC +4)
You have supernaturally acute eyesight. (SInv)
Armour fits poorly on your strangely shaped body.
Your system is resistant to poisons. (rPois)
You cover ground very slowly.
You can spit poison.
You have a snake-like lower body.


Message History

The zombie hands constrict the skeletal warrior.
The skeletal warrior struggles to escape constriction. x2
The skeletal warrior hits you from afar with a +0 halberd!
* * * LOW HITPOINT WARNING * * *
The zombie hands constrict the skeletal warrior. x2
The zombie hands constrict the skeletal warrior!
The skeletal warrior struggles to escape constriction. x3
The zombie hands constrict the skeletal warrior! x3
The skeletal warrior struggles to escape constriction. x3
The skeletal warrior escapes! x2
The skeletal warrior struggles to escape constriction.
There is an open door here.
The zombie hands lose their grip on something.
Aiming: Paralyse
Press: ? - help, Shift-Dir - straight line, f - skeletal warrior
Aim: a skeletal warrior, wielding a +0 halberd (heavily damaged, chance to affect: 5%)
Okay, then.
Okay, then.
Aiming: Polymorph
Press: ? - help, Shift-Dir - straight line, f - you
Okay, then.
Okay, then.
Aiming: Fastroot
Press: ? - help, Shift-Dir - straight line, f - skeletal warrior
Aim: a skeletal warrior, wielding a +0 halberd (heavily damaged)
The roots erupt in riotous growth!
Roots grab the skeletal warrior.
The grasping roots constrict the skeletal warrior.
The skeletal warrior completely misses you.
The grasping roots constrict the skeletal warrior!
The roots release their grip on the skeletal warrior.
Aiming: Fastroot
Press: ? - help, Shift-Dir - straight line, f/p - skeletal warrior
Aim: a skeletal warrior, wielding a +0 halberd (severely damaged)
The roots erupt in riotous growth!
Roots grab the skeletal warrior.
The grasping roots constrict the skeletal warrior!
The skeletal warrior hits you from afar with a +0 halberd!
You die...
Kikubaaqudgha rasps: "You have failed me!
Welcome... death!"

#########
#........ #####
###.#####
#<..###.'.....#
###.#...#####.#
#.'.###(..#@#
#.### #.#.#
...# #.z.#
##+## #'###
#z.# ##.##
#.z## ##.z###
##.).#


You could see 2 skeletal warriors.

Vanquished Creatures
  A centaur warrior (D:11)
  3 two-headed ogres
  2 skeletal warriors (D:12)
  A manticore (D:6)
  An ugly thing (D:8)
  Maurice (D:8)
  Joseph (D:7)
  2 gargoyles
  A kobold demonologist (D:10)
  A komodo dragon (D:10)
  4 trolls
  Prince Ribbit (D:8)
  4 spriggans (D:8)
  4 wyverns
  3 shadows
  A wraith (D:11)
  Eustachio (D:4)
  9 yaks
  3 vampire mosquitoes (D:11)
  A steam dragon (D:9)
  Menkaure (D:4)
  An acid dragon (D:10)
  Duvessa (D:4)
  8 orc warriors
  3 ice beasts
  An ogre (D:6)
  A black bear (D:6)
  3 centaurs
  2 wolves (D:10)
  2 phantoms
  7 kobold brigands
  2 bullfrogs
  A necrophage (D:7)
  A gnoll sergeant (D:8)
  A scorpion (D:5)
  13 wights
  Dowan (D:4)
  18 killer bees
  4 howler monkeys
  6 hounds
  2 jellies (D:5)
  7 orc priests
  3 gnoll boudas
  Terence (D:2)
  18 orc wizards
  6 iguanas
  Robin (D:4)
  19 gnolls
  11 adders
  A shadow imp (D:7)
  2 white imps
  2 worms
  4 dart slugs
  33 orcs
  10 ball pythons
  8 endoplasms
  3 giant cockroaches (D:3)
  15 goblins
  14 hobgoblins
  4 jackals
  22 kobolds
  2 quokkas
  3 bats
  5 frilled lizards
  9 rats
327 creatures vanquished.

Vanquished Creatures (collateral kills)
  A two-headed ogre (D:11)
  Nergalle (D:11)
  2 yaks (D:8)
  A vampire mosquito (D:11)
  A centaur (D:9)
  A gnoll sergeant (D:10)
  An electric eel (D:10)
  A hound (D:10)
  3 gnolls
  8 orcs (D:9)
  3 kobolds
23 creatures vanquished.

Vanquished Creatures (others)
  A kobold (D:10)
  A plant (D:3)
2 creatures vanquished.

Grand Total: 352 creatures vanquished

Notes
Turn   | Place    | Note
-------+----------+-------------------------------------------
     0 | D:1      | Monkooky the Naga Reaver began the quest for the Orb.
     0 | D:1      | Reached XP level 1. HP: 19/19 MP: 3/3
   117 | D:1      | Reached XP level 2. HP: 26/26 MP: 5/5
   120 | D:1      | Learned a level 2 spell: Scorch
   172 | D:1      | Reached skill level 1 in Fire Magic
   251 | D:1      | Found Gimevewo's Book Shoppe.
   544 | D:1      | Reached XP level 3. HP: 32/32 MP: 6/6
   926 | D:2      | Noticed Terence
   942 | D:2      | Killed Terence
   943 | D:2      | Reached XP level 4. HP: 35/39 MP: 0/7
  1136 | D:2      | Learned a level 4 spell: Flame Wave
  1623 | D:3      | Found an opulent altar of Gozag.
  1628 | D:3      | Found Gozag's Platinum Reserve.
  1784 | D:3      | Reached XP level 5. HP: 45/45 MP: 2/8
  1878 | D:3      | Found a glowing drain.
  1983 | Sewer    | Entered a sewer
  1990 | Sewer    | Noticed a kobold brigand
  2013 | Sewer    | Killed a kobold brigand
  2014 | Sewer    | Reached skill level 5 in Fire Magic
  2014 | Sewer    | Reached XP level 6. HP: 29/52 MP: 1/9
  2533 | Sewer    | Reached XP level 7. HP: 60/60 MP: 4/10
  2659 | Sewer    | Reached skill level 5 in Conjurations
  3499 | D:3      | Found a faded altar of an unknown god.
  3569 | D:3      | Prayed at the altar of an unknown god.
  3569 | D:3      | Became a worshipper of Kikubaaqudgha
  3569 | D:3      | Reached * piety under Kikubaaqudgha
  3569 | D:3      | Received a gift from Kikubaaqudgha
  3706 | D:4      | Noticed Robin
  3744 | D:4      | Killed Robin
  3745 | D:4      | Reached skill level 1 in Necromancy
  3926 | D:4      | Reached ** piety under Kikubaaqudgha
  3927 | D:4      | Reached skill level 2 in Necromancy
  4272 | D:4      | Noticed Menkaure
  4273 | D:4      | Noticed Duvessa
  4274 | D:4      | Killed Menkaure
  4275 | D:4      | Reached skill level 3 in Necromancy
  4282 | D:4      | Noticed Dowan
  4306 | D:4      | Killed Duvessa
  4307 | D:4      | Reached skill level 4 in Necromancy
  4307 | D:4      | Reached XP level 8. HP: 61/67 MP: 1/11
  4314 | D:4      | Killed Dowan
  4468 | D:4      | Reached skill level 5 in Necromancy
  4766 | D:4      | Found a transporter.
  4783 | D:4      | Found a transporter.
  4788 | D:4      | Learned a level 3 spell: Vampiric Draining
  4821 | D:4      | Noticed Eustachio
  4867 | D:4      | Killed Eustachio
  5150 | D:5      | Entered Level 5 of the Dungeon
  5207 | D:5      | Reached skill level 6 in Necromancy
  5302 | D:5      | Found a sacrificial altar of Ru.
  5551 | D:5      | Found Fitiarer's Neck Hole.
  5649 | D:5      | Noticed a +0 short sword
  5649 | D:5      | Noticed a +0 dagger
  5650 | D:5      | Noticed a +0 spear
  5651 | D:5      | Noticed a +0 falchion
  5651 | D:5      | Noticed a +0 short sword
  5652 | D:5      | Noticed a +0 dagger
  5653 | D:5      | Noticed a +0 falchion
  5653 | D:5      | Noticed a +0 spear
  5656 | D:5      | Found a hide-covered altar of Uskayaw.
  5667 | D:5      | Reached skill level 7 in Necromancy
  5919 | D:5      | Found a burning altar of Makhleb.
  5919 | D:5      | Found a shimmering altar of Xom.
  5969 | D:5      | Reached XP level 9. HP: 73/73 MP: 7/12
  6589 | D:6      | Reached skill level 8 in Necromancy
  6719 | D:6      | Found a staircase to the Ecumenical Temple.
  6755 | D:6      | Reached *** piety under Kikubaaqudgha
  6755 | D:6      | Received a gift from Kikubaaqudgha
  7208 | D:6      | Noticed a manticore
  7494 | D:6      | Identified the +9 dagger of Calamity {heavy, Will- Int+3}
  7496 | D:6      | Killed a manticore
  7497 | D:6      | Reached skill level 5 in Spellcasting
  7513 | Temple   | Entered the Ecumenical Temple
  7816 | D:7      | Learned a level 6 spell: Simulacrum
  7831 | D:7      | Reached skill level 1 in Ice Magic
  7957 | D:7      | Noticed Joseph
  8005 | D:7      | Killed Joseph
  8006 | D:7      | Reached XP level 10. HP: 58/80 MP: 1/18
  8505 | D:7      | Reached skill level 5 in Ice Magic
  9119 | D:8      | Noticed Maurice
  9276 | D:8      | Found Vutoh's Lightly-Used Armoury.
  9308 | D:8      | Identified the +9 mace "Engo" {flame, rElec rF- Int+6}
  9594 | D:8      | Noticed Prince Ribbit
  9606 | D:8      | Killed Prince Ribbit
  9606 | D:8      | Reached **** piety under Kikubaaqudgha
  9699 | D:8      | Noticed a brown ugly thing
  9717 | D:8      | Killed a brown ugly thing
  9859 | D:8      | Reached skill level 9 in Necromancy
 10290 | D:8      | Learned a level 4 spell: Dispel Undead
 10593 | D:8      | Identified the +5 chain mail of Heresy {Fly rF+ Int+2}
 10975 | D:8      | Reached XP level 11. HP: 47/86 MP: 4/19
 11425 | D:8      | Killed Maurice
 11426 | D:8      | Reached skill level 10 in Necromancy
 12344 | D:9      | Reached ***** piety under Kikubaaqudgha
 12425 | D:9      | Found a shadowy altar of Dithmenos.
 12468 | D:9      | Noticed a two-headed ogre
 12482 | D:9      | Killed a two-headed ogre
 13104 | D:1      | Bought Kikubaaqudgha's Dissertation on Diablerie for 576
                  | gold pieces
 13622 | D:9      | Found a staircase to the Orcish Mines.
 13706 | D:10     | Entered Level 10 of the Dungeon
 13932 | D:10     | Learned a level 5 spell: Borgnjor's Vile Clutch
 14209 | D:10     | Reached skill level 1 in Earth Magic
 14416 | D:10     | Noticed a two-headed ogre
 14425 | D:10     | Killed a two-headed ogre
 14528 | D:10     | Reached XP level 12. HP: 63/93 MP: 6/23
 14531 | D:10     | Reached skill level 5 in Earth Magic
 14659 | D:10     | Found a staircase to the Lair.
 14808 | D:11     | Noticed a two-headed ogre
 14808 | D:11     | Noticed a two-headed ogre
 14820 | D:11     | Killed a two-headed ogre
 14821 | D:11     | Killed a two-headed ogre
 15015 | D:11     | Noticed a centaur warrior
 15025 | D:11     | Killed a centaur warrior
 15484 | D:11     | Noticed Nergalle
 15550 | D:11     | Reached skill level 1 in Evocations
 15590 | D:11     | Killed Nergalle
 16032 | D:12     | Slain by a skeletal warrior

Illustrated notes

Levels and vault maps discovered:
D:1:      eino_arrival_tree_alley, layout_loops_ring, serial_shops, shop
D:2:      layout_rooms, uniq_terence
D:3:      layout_basic, nicolae_gozag_zags_fifth_avenue, gup_sewer_entry_glass,
          hellmonk_ecumenical_altar_inner_sanctum, saegor_snake_ambush
D:4:      gammafunk_wand_slinger, layout_basic, minmay_ruptured, uniq_eustachio,
          uniq_duvessa, uniq_robin, uniq_menkaure
D:5:      layout_loops_ring, grunt_temple_overflow_champion_of_chaos,
          nicolae_uskayaw_en_pointe, nicolae_ru_great_annihilating_truth,
          nicolae_shop_sticking_my_neck_out
D:6:      layout_loops_ring, minmay_temple_entry_tees, minmay_manual_moon
D:7:      layout_basic, serial_glass, glass_columns_c, glass_columns_a,
          uniq_joseph
D:8:      kb_forest_paths, layout_basic, minmay_shop_damaged, uniq_maurice,
          uniq_prince_ribbit1
D:9:      layout_big_octagon, mainiacjoe_overflow_chevrons, david_orc_4
D:10:     layout_loops_ring, erik_lair_island, serial_glass, glass_columns_c,
          glass_columns_c, nicolae_lava_and_water, st_stairs_1
D:11:     wad_pebble_path, layout_long_grid, uniq_nergalle
D:12:     layout_roguey, uniq_fannar, uniq_azrael
Temple:   minmay_temple_bridge_d

Skill      XL: |  1  2  3  4  5  6  7  8  9 10 11 12 |
---------------+-------------------------------------+-----
Fire Magic     | 1 3 4 5 |  5.5
Conjurations   | 4 5 |  5.4
Necromancy     | 4 7 8 9 10 | 10.5
Stealth        | 4 |  4.1
Spellcasting   | 5 7 |  7.8
Ice Magic      | 4 8 9 |  9.9
Earth Magic    | 4 8 |  8.0
Evocations     | 4 |  4.3
Fighting       | |  2.1
Maces & Flails | |  3.0
Dodging        | |  1.5

Action                     |  1- 3 |  4- 6 |  7- 9 | 10-12 || total
---------------------------+-------+-------+-------+-------++-------
  Melee: Mace              |    23 |     3 |       |       ||    26
         Punch             |     1 |       |     2 |     1 ||     4
         Dagger            |       |    72 |   162 |   125 ||   359
         Staff             |       |       |       |    43 ||    43
  Throw: Dart              |       |       |       |     4 ||     4
   Cast: Scorch            |    11 |    42 |    85 |    45 ||   183
         Flame Wave        |       |     1 |    12 |    12 ||    25
         Vampiric Draining |       |       |    17 |    70 ||    87
         Dispel Undead     |       |       |       |    21 ||    21
         Simulacrum        |       |       |       |    17 ||    17
         Borgnjor's Vile C |       |       |       |    20 ||    20
Ability: Spit Poison       |    21 |    26 |    54 |    58 ||   159
  Evoke: Wand              |       |       |     1 |     9 ||    10
    Use: Scroll            |       |       |     8 |     4 ||    12
         Potion            |       |       |     1 |     1 ||     2
   Stab: Paralysed         |       |       |    15 |     5 ||    20
         Sleeping          |       |       |     1 |     2 ||     3
 Armour: Leather armour    |     4 |    32 |    13 |       ||    49
         Animal skin       |       |       |    80 |   143 ||   223
         Robe              |       |       |       |    61 ||    61
  Dodge: Dodged            |    26 |    45 |    98 |   241 ||   410

Table legend: (Time is in decaauts)
 A = Elapsed time spent in this place.
 B = Non-inter-level travel time spent in this place.
 C = Inter-level travel time spent in this place.
 D = Time resting spent in this place.
 E = Time spent auto-exploring this place.
 F = Levels seen in this place.
 G = Mean time per level.
                   A        B        C        D        E       F      G
               +--------+--------+--------+--------+--------+-----+--------+
         Total |  19433 |  17934 |   1499 |   3079 |  10910 |  14 | 1388.1 |
       Dungeon |  18455 |  16956 |   1499 |   2796 |  10435 |  12 | 1537.9 |
        Temple |    150 |    150 |      0 |    149 |      0 |   1 |  150.0 |
         Sewer |    826 |    826 |      0 |    134 |    475 |   1 |  826.0 |
               +--------+--------+--------+--------+--------+-----+--------+

Top non-repeatable levels by time:
     D:8: 3170 daAuts
     D:7: 2030 daAuts
     D:3: 1766 daAuts
     D:4: 1666 daAuts
     D:5: 1633 daAuts
     D:9: 1556 daAuts
     D:6: 1551 daAuts
     D:1: 1334 daAuts
    D:11: 1318 daAuts
    D:10: 1296 daAuts
     D:2: 1057 daAuts
   Sewer: 826 daAuts
  Temple: 150 daAuts
    D:12: 73 daAuts
